 Dungeon Crawl Stone Soup version 0.16-a0-1301-gf74d490 (webtiles) character file.

4580 PolkaDot the Summoner (level 10, -5/74 HPs)
             Began as a Vampire Summoner on Oct 15, 2014.
             Was an Elder of Sif Muna.
             Killed from afar by an electric eel (11 damage)
             ... with a bolt of electricity
             ... on level 8 of the Dungeon.
             The game lasted 00:38:07 (10059 turns).

PolkaDot the Summoner (Vampire Summoner)           Turns: 10059, Time: 00:38:07

Health: -5/74      AC:  6    Str:  7    XL:     10   Next: 18%
Magic:  11/18      EV: 10    Int: 20    God:    Sif Muna [****..]
Gold:   466        SH:  0    Dex: 14    Spells: 4 memorised, 3 levels left

rFire  + . .     SeeInvis +     h - +0 scimitar (freeze)
rCold  + . .     Clarity  .     s - +3 leather armour {MR+}
rNeg   + + .     SustAb   .     (no shield)
rPois  +         Gourm    .     (no helmet)
rElec  .         Spirit   .     (no cloak)
rCorr  .         Warding  .     (no gloves)
rMut   .         Stasis   .     (no boots)
MR     ++...                    j - amulet of faith
Stlth  ++........               l - ring of protection from fire
                                d - cursed ring of flight

@: regenerating slowly, very resistant to hostile enchantments, unstealthy
A: bottle blood, fangs 3, see invisible, unbreathing
a: Bat Form, Bottle Blood, Channel Energy, Forget Spell, Renounce Religion,
Evoke Flight


You were on level 8 of the Dungeon.
You worshipped Sif Muna.
Sif Muna was greatly pleased with you.
You were very thirsty.

You visited 2 branches of the dungeon, and saw 9 of its levels.

You collected 466 gold pieces.

Inventory:

Hand weapons
 h - a +0 scimitar of freezing (weapon)
 A - a +1 spear of piercing
Missiles
 c - 3 tomahawks of returning (quivered)
 n - 4 tomahawks
Armour
 s - a +3 leather armour of magic resistance (worn)
Jewellery
 d - a cursed ring of flight (left hand)
 j - an amulet of faith (around neck)
 l - a ring of protection from fire (right hand)
Magical devices
 e - a wand of slowing (13)
 v - a wand of magic darts (19)
Scrolls
 i - 3 scrolls of enchant armour
 o - a scroll of recharging {unknown}
 q - 3 scrolls of remove curse
 r - a scroll of enchant weapon {unknown}
 u - a scroll of noise {unknown}
 x - a scroll of fog {unknown}
 y - a scroll of identify
Potions
 f - a potion of haste
 g - a potion of cancellation
 w - a potion of mutation {!q}
Books
 b - a book of Callings

   Spells                             Type                      Level
   *Summon Small Mammal               Summoning                    1
   *Call Imp                          Summoning                    2
   *Call Canine Familiar              Summoning                    3
   Summon Guardian Golem              Hexes/Summoning              4
   Summon Lightning Spire             Summoning/Air                4
   *Summon Ice Beast                  Ice/Summoning                4
 t - a book of Necromancy

   Spells                             Type                      Level
   Pain                               Necromancy                   1
   Animate Skeleton                   Necromancy                   1
   Vampiric Draining                  Necromancy                   3
   Regeneration                       Charms/Necromancy            3
   Animate Dead                       Necromancy                   4
   Control Undead                     Necromancy                   4


   Skills:
 + Level 5.2 Fighting
 - Level 2.1 Dodging
 - Level 3.0 Stealth
 - Level 2.0 Spellcasting
 + Level 10.0 Summonings
 * Level 8.2 Ice Magic
 - Level 5.3 Invocations


You had 3 spell levels left.
You knew the following spells:

 Your Spells              Type           Power        Failure   Level  Hunger
a - Summon Small Mammal   Summ           ####         1%          1    #......
d - Call Canine Familiar  Summ           #####...     1%          3    ###....
i - Summon Ice Beast      Ice/Summ       #####...     4%          4    #####..
s - Call Imp              Summ           #####...     1%          2    ##.....


Dungeon Overview and Level Annotations

Branches:
Dungeon (8/15)             Temple (1/1) D:6            Lair (0/8) D:8

Altars:
Ashenzari
Cheibriados
Dithmenos
Elyvilon
Fedhas
Gozag
Kikubaaqudgha
Nemelex Xobeh
Okawaru
Qazlal
Ru
Sif Muna
Trog
Vehumet
Yredelemnul
Zin
The Shining One


Innate Abilities, Weirdness & Mutations

You heal slowly.
You can bottle blood from corpses.
You have razor-sharp teeth.
You have supernaturally acute eyesight.
You can survive without breathing.


Message History

Moving in this stuff is going to be slow.
The bolt of electricity hits your ice beast.
An electric eel comes into view.
The electric eel shoots out a bolt of electricity!
The bolt of electricity hits your ice beast.
Your ice beast dies!
The electric eel shoots out a bolt of electricity!
The bolt of electricity hits you!
* * * LOW HITPOINT WARNING * * *
Your ice beast closely misses the electric eel.
The electric eel shoots out a bolt of electricity!
The bolt of electricity hits your ice beast.
Your ice beast dies!
The bolt of electricity misses you.
The electric eel shoots out a bolt of electricity!
The bolt of electricity hits you!
* * * LOW HITPOINT WARNING * * *
The electric eel shoots out a bolt of electricity!
The bolt of electricity hits you!
You die...

########################
.........................
########...####.@###### #
# #...##....# #≈#≈≈≈ #
#..#......###;≈≈#≈≈ #
###.......Y≈#≈≈≈≈≈≈≈ #
#####.....###..≈#≈Y≈≈≈#
###.....##### #..#;≈h≈≈#
..)...### #..#≈#≈≈≈≈≈≈≈
....### #.###% ≈≈≈≈≈
..### ### ≈≈ ≈≈≈≈


You could see an electric eel and a friendly ice beast.

Vanquished Creatures
  A wyvern (D:8)
  A hippogriff (D:7)
  Edmund (D:8)
  A hungry ghost (D:7)
  A sky beast (D:5)
  An ice beast (D:7)
  2 centaurs
  3 giant frogs
  2 scorpions
  An electric eel (D:7)
  3 hounds
  An orc wizard (D:4)
  A black bear skeleton (D:6)
  4 worker ants
  An ogre zombie (D:4)
  An ogre skeleton (D:6)
  A hound skeleton (D:7)
  A mummy (D:7)
  6 adders
  Natasha (twice) (D:5)
  3 gnolls (D:5)
  2 shadow imps
  2 worms
  2 giant mites
  An iguana skeleton (D:4)
  An iguana zombie (D:5)
  An ooze (D:5)
  17 orcs
  10 bats
  2 bat skeletons (D:6)
  2 giant cockroaches
  7 hobgoblins
  6 kobolds
  2 quokkas
  6 ball pythons
  8 giant geckos
  3 giant newts
  8 goblins
  2 hobgoblin skeletons
  4 jackals (D:2)
  An orc skeleton (D:4)
  An orc zombie (D:7)
  5 rats
131 creatures vanquished.

Vanquished Creatures (collateral kills)
  The ghost of Vecna the Cudgeler, an experienced OgFE of Ashenzari (D:8)
  Pikel (D:6)
  A komodo dragon (D:7)
  Grinder (D:5)
  Prince Ribbit (D:5)
  4 snapping turtles (D:8)
  A hippogriff (D:7)
  A hill giant zombie (D:7)
  4 yaks (D:8)
  A wyvern (D:8)
  Menkaure (D:5)
  A black bear (D:8)
  A necrophage (D:8)
  2 ice beasts
  4 ogres
  A centaur (D:7)
  An orc warrior (D:7)
  2 giant frogs
  Blork the orc (D:6)
  A gnoll sergeant (D:8)
  A scorpion (D:7)
  A hippogriff zombie (D:8)
  A jelly (D:8)
  4 electric eels (D:8)
  2 goliath beetles
  3 crimson imps
  A centaur zombie (D:8)
  An iguana (D:6)
  Natasha (D:5)
  An orc wizard (D:5)
  3 worker ants
  A sky beast zombie (D:7)
  An ogre skeleton (D:7)
  3 gnolls (D:8)
  5 adders
  A white imp (D:5)
  5 worms
  An adder zombie (D:6)
  13 orcs
  3 kobolds
  3 quokkas
  8 bats
  3 rats
97 creatures vanquished.

Vanquished Creatures (others)
  16 ice beasts (D:8)
  4 wolves
  A giant frog (D:6)
  3 hounds
  2 crimson imps
  A worker ant (D:6)
  An adder (D:6)
  6 white imps
  A giant gecko (D:6)
  A bat (D:6)
  A quokka zombie (D:6)
37 creatures vanquished.

Grand Total: 265 creatures vanquished

Notes
Turn   | Place    | Note
--------------------------------------------------------------
     0 | D:1      | PolkaDot, the Vampire Summoner, began the quest for the Orb.
     0 | D:1      | Reached XP level 1. HP: 13/13 MP: 3/3
   561 | D:1      | Reached skill level 1 in Fighting
   804 | D:1      | Reached XP level 2. HP: 5/21 MP: 2/4
  1754 | D:1      | Learned a level 2 spell: Call Imp
  2062 | D:2      | Reached XP level 3. HP: 20/27 MP: 6/6
  2191 | D:2      | Learned a level 3 spell: Call Canine Familiar
  2208 | D:2      | HP: 1/27 [worm (5)]
  2643 | D:3      | Reached XP level 4. HP: 15/34 MP: 3/7
  3349 | D:3      | Reached skill level 5 in Summonings
  3771 | D:4      | Reached XP level 5. HP: 15/40 MP: 0/9
  3883 | D:4      | Noticed an ogre
  3892 | D:4      | Killed an ogre
  4156 | D:4      | Found an ancient bone altar of Kikubaaqudgha.
  4156 | D:4      | Found an iron altar of Okawaru.
  4224 | D:4      | Reached skill level 6 in Summonings
  4262 | D:4      | Found an opulent altar of Gozag.
  4263 | D:4      | Found a glowing silver altar of Zin.
  4657 | D:4      | Noticed an ogre
  4663 | D:4      | Killed an ogre
  4663 | D:4      | Reached XP level 6. HP: 47/47 MP: 6/10
  5150 | D:5      | Entered Level 5 of the Dungeon
  5162 | D:5      | Noticed Natasha
  5173 | D:5      | Killed Natasha
  5238 | D:5      | Noticed Menkaure
  5254 | D:5      | Killed Menkaure
  5599 | D:5      | Reached XP level 7. HP: 49/54 MP: 9/12
  5649 | D:5      | Reached skill level 7 in Summonings
  5687 | D:5      | Found a sparkling altar of Nemelex Xobeh.
  5749 | D:5      | Noticed Natasha
  5757 | D:5      | Killed Natasha
  5782 | D:5      | Noticed Prince Ribbit
  5782 | D:5      | Noticed Grinder
  5790 | D:5      | Paralysed by Grinder for 6 turns
  5825 | D:5      | Paralysed by Grinder for 6 turns
  5840 | D:5      | Killed Grinder
  5840 | D:5      | Killed Prince Ribbit
  5840 | D:5      | Reached skill level 8 in Summonings
  5882 | D:5      | Reached skill level 5 in Fighting
  5958 | D:5      | Noticed Natasha
  5966 | D:5      | Killed Natasha
  6048 | D:5      | Learned a level 4 spell: Summon Ice Beast
  6066 | D:6      | Found a staircase to the Ecumenical Temple.
  6071 | D:6      | Noticed Blork the orc
  6075 | Temple   | Entered the Ecumenical Temple
  6180 | Temple   | Became a worshipper of Sif Muna the Loreminder
  6199 | D:6      | Reached XP level 8. HP: 52/62 MP: 5/13
  6204 | D:6      | Killed Blork the orc
  6204 | D:6      | Reached skill level 1 in Invocations
  6259 | D:6      | Found a bloodstained altar of Trog.
  6270 | D:6      | Reached skill level 1 in Ice Magic
  6423 | D:6      | Noticed Pikel
  6438 | D:6      | Killed Pikel
  6438 | D:6      | Acquired Sif Muna's first power
  6475 | D:6      | Reached skill level 9 in Summonings
  6609 | D:6      | Acquired Sif Muna's second power
  7242 | D:7      | Reached XP level 9. HP: 37/68 MP: 12/14
  7320 | D:7      | Reached skill level 5 in Ice Magic
  7362 | D:7      | HP: 1/68 [centaur/arrow of frost (3)]
  7753 | D:7      | Found a shattered altar of Ashenzari.
  7838 | D:7      | Found a stormy altar of Qazlal.
  7841 | D:7      | Found a snail-covered altar of Cheibriados.
  7855 | D:7      | Found a glowing golden altar of the Shining One.
  7915 | D:7      | Found a blossoming altar of Fedhas.
  7978 | D:7      | Noticed a komodo dragon
  7986 | D:7      | Killed a komodo dragon
  8201 | D:8      | Found a staircase to the Lair.
  8334 | D:8      | Noticed Edmund
  8344 | D:8      | Killed Edmund
  8648 | D:8      | Reached skill level 5 in Invocations
  8669 | D:8      | Acquired Sif Muna's third power
  8876 | D:8      | Reached XP level 10. HP: 14/74 MP: 4/18
  9263 | D:8      | Reached skill level 10 in Summonings
  9333 | D:8      | HP: 2/74 [electric eel/bolt of electricity (13)]
  9340 | D:8      | Noticed Vecna's ghost (experienced OgFE)
  9458 | D:8      | Killed Vecna's ghost
 10059 | D:8      | Killed from afar by an electric eel

Action                   |  1- 3 |  4- 6 |  7- 9 | 10-12 || total
-------------------------+-------+-------+-------+-------++-------
Melee: Unarmed           |    36 |       |       |       ||    36
       Spear             |   153 |    80 |       |       ||   233
       Short sword       |     2 |   146 |       |       ||   148
       Flail             |       |    22 |   197 |       ||   219
       Scimitar          |       |       |   105 |    21 ||   126
Throw: Tomahawk          |       |    14 |       |       ||    14
 Cast: Summon Small Mamm |     9 |     1 |       |       ||    10
       Call Imp          |     5 |    11 |    16 |     3 ||    35
       Call Canine Famil |     3 |     9 |    16 |     7 ||    35
       Summon Ice Beast  |       |       |    34 |    23 ||    57
Invok: Channel Energy    |       |       |    43 |    37 ||    80
 Abil: Bottle Blood      |       |     5 |    20 |       ||    25
  Use: Potion            |     1 |     4 |    39 |     3 ||    47
       Scroll            |       |     7 |     3 |     3 ||    13
 Stab: Sleeping          |     7 |     5 |     5 |       ||    17
       Distracted        |     2 |     2 |     2 |     3 ||     9
  Eat: Corpse            |    11 |    22 |     3 |     3 ||    39
